 Dungeon Crawl Stone Soup version 0.29.0-15-g675c0067aa (webtiles) character file.

Game seed: 4040873732093943389

1192 Tsarbomb the Slasher (level 8, -2/64 HPs)
             Began as a Merfolk Monk on Sept 11, 2022.
             Was a Priest of Makhleb.
             Slain by an iguana (10 damage)
             ... on level 6 of the Dungeon.
             The game lasted 00:16:21 (6733 turns).

Tsarbomb the Slasher (Merfolk Monk)                 Turns: 6733, Time: 00:16:22

Health: -2/64      AC:  9    Str: 14    XL:     8   Next: 43%
Magic:  9/9        EV: 12    Int:  9    God:    Makhleb [***...]
Gold:   295        SH:  0    Dex: 16    Spells: 5/7 levels left

rFire   . . .      SeeInvis .   j - +2 short sword (speed)
rCold   . . .      Faith    .   (no shield)
rNeg    . . .      Spirit   .   b - +0 ring mail
rPois   .          Reflect  .   k - +0 helmet
rElec   .          Harm     .   z - +0 cloak
rCorr   +          Rampage  .   x - +0 pair of gloves
Will    .....                   (no boots)
Stlth   +.........              (no amulet)
HPRegen 0.20/turn               o - ring of resist corrosion
MPRegen 0.11/turn               (no ring)

@: no status effects
A: (nimble swimmer 2), mertail
a: Renounce Religion, Minor Destruction, Lesser Servant of Makhleb


You were on level 6 of the Dungeon.
You worshipped Makhleb.
Makhleb was most pleased with you.
You visited 2 branches of the dungeon, and saw 7 of its levels.

You collected 295 gold pieces.

Inventory:

Hand Weapons
 a - a +0 falchion
 e - a +3 dire flail
 j - a +2 short sword of speed (weapon)
 v - the +4 spear "Iryroene" {elec, *Corrode rN+ Dex+7 SInv}
   (You found it on level 5 of the Dungeon)

   It occasionally discharges a powerful burst of electricity upon striking a
   foe.
   Dex:       It affects your dexterity (+7).
   rN:        It protects you from negative energy.
   SInv:      It lets you see invisible.
   *Corrode:  It may corrode you when you take damage.
Armour
 b - a +0 ring mail (worn)
 k - a +0 helmet (worn)
 x - a +0 pair of gloves (worn)
 z - a +0 cloak (worn)
Jewellery
 i - the ring of Raphiap {Ice rPois Str+3}
   (You found it on level 6 of the Dungeon)

   [ring of ice]

   It enhances your ice magic.
   Str:       It affects your strength (+3).
   rF:        It makes you vulnerable to fire.
   rC:        It protects you from cold.
   rPois:     It protects you from poison.
 o - a ring of resist corrosion (left hand)
Wands
 w - a wand of roots (15)
Scrolls
 d - a scroll of fog
 f - a scroll of immolation {unknown}
 l - a scroll of enchant weapon {unknown}
 m - a scroll of silence {unknown}
 n - a scroll of summoning {unknown}
 q - 2 scrolls of teleportation
 s - a scroll of torment {unknown}
 y - 4 scrolls of poison
Potions
 c - a potion of magic
 g - a potion of resistance
 h - a potion of haste
 p - a potion of might
 r - a potion of curing
 t - a potion of heal wounds {unknown}
 u - a potion of attraction {unknown}


   Skills:
 + Level 5.9 Fighting
 - Level 1.1(4.6) Short Blades
 + Level 7.2(7.3) Long Blades
 - Level 2.0 Polearms
 + Level 4.0 Armour
 - Level 4.0 Dodging
 - Level 2.1 Stealth
 * Level 2.1 Translocations
 - Level 2.0 Invocations


You had 5 spell levels left.
You knew the following spells:

 Your Spells              Type           Power      Damage    Failure   Level
a - Blink                 Tloc           6%         N/A       45%         2

Your spell library contained the following spells:

 Spells                   Type           Power      Damage    Failure   Level
 Magic Dart               Conj           0%         1d3       61%         1
 Call Imp                 Summ           0%         N/A       75%         2
 Mephitic Cloud           Conj/Pois/Air  0%         N/A       93%         3
 Flame Wave               Conj/Fire      0%         2d4       100%        4
 Summon Ice Beast         Ice/Summ       0%         N/A       100%        4
 Manifold Assault         Tloc           3%         N/A       100%        5
 Summon Forest            Summ/Tloc      0%         N/A       100%        5
 Storm Form               Tmut/Air       0%         N/A       100%        7


Dungeon Overview and Level Annotations

Branches:
Dungeon (6/15)             Temple (1/1) D:4

Altars:
Ashenzari
Cheibriados
Dithmenos
Elyvilon
Hepliaklqana
Kikubaaqudgha
Makhleb
Nemelex Xobeh
Okawaru
Qazlal
Ru
Sif Muna
Trog
Uskayaw
Vehumet
Yredelemnul
Zin
The Shining One

Shops:
D:5 *[*

Annotations:
D:3 2 runed translucent doors, exclusion: dart slug, Grinder
D:4 Sigmund


Innate Abilities, Weirdness & Mutations

((You are very nimble when in or above water. (Stealth+, EV+, Speed+++)))
Your lower body shifts to a powerful aquatic tail in water.


Message History

You are too injured to fight recklessly!
You are too injured to fight recklessly!
You are too injured to fight recklessly!
You are too injured to fight recklessly!
You are too injured to fight recklessly!
You are too injured to fight recklessly!
You are too injured to fight recklessly!
You are too injured to fight recklessly!
You are too injured to fight recklessly!
You are too injured to fight recklessly!
You hit the iguana but do no damage.
The iguana is lightly wounded.
You hit the iguana.
The iguana is moderately wounded.
The iguana bites you!
You hit the iguana.
The iguana is heavily wounded.
The iguana bites you.
* * * LOW HITPOINT WARNING * * *
You barely miss the iguana.
The iguana is heavily wounded.
You barely miss the iguana.
The iguana is heavily wounded.
The iguana bites you but does no damage.
You hit the iguana but do no damage.
The iguana is heavily wounded.
You hit the iguana but do no damage.
The iguana is heavily wounded.
The iguana bites you.
* * * LOW HITPOINT WARNING * * *
You hit the iguana but do no damage.
The iguana is heavily wounded.
The iguana bites you!
* * * LOW HITPOINT WARNING * * *
You hit the iguana.
The iguana is severely wounded.
You barely miss the iguana. Your punch misses the iguana.
The iguana is severely wounded.
The iguana bites you!
You die...

.# .# ##### ....... .#
#...# .......
.####...#####. .......
.............. .......
.####......... .......
....#.....### .......
.##.....#.#######l......
.####.........#.@)....!.
.#######^..............#
..#.....................
#.....................<.
#.......................
#.......................
#.......................
#.....................##
#...)................##


You could see an iguana.

Vanquished Creatures
  An ogre (D:6)
  2 centaurs
  2 necrophages (D:5)
  2 scorpions (D:5)
  2 water moccasin zombies (D:5)
  3 wights (D:5)
  A bullfrog zombie (D:5)
  A hound (D:5)
  2 jellies
  A human zombie (D:5)
  2 orc wizards
  A killer bee zombie (D:5)
  A hound zombie (D:5)
  A mummy (D:5)
  3 gnolls (D:5)
  7 adders
  A shadow imp (D:5)
  An ufetubus (D:5)
  A worm (D:2)
  4 dart slugs
  21 orcs
  4 bats
  2 endoplasms (D:2)
  3 giant cockroaches
  6 goblins
  4 hobgoblins
  2 quokkas
  5 ball pythons
  2 frilled lizards (D:1)
  10 kobolds
  2 rats
100 creatures vanquished.

Vanquished Creatures (others)
  2 plants (D:4)
2 creatures vanquished.

Grand Total: 102 creatures vanquished

Notes
Turn   | Place    | Note
-------+----------+-------------------------------------------
     0 | D:1      | Tsarbomb the Merfolk Monk began the quest for the Orb.
     0 | D:1      | Reached XP level 1. HP: 18/18 MP: 1/1
   389 | D:1      | Reached skill level 4 in Long Blades
   406 | D:1      | Reached XP level 2. HP: 21/24 MP: 2/2
   949 | D:1      | Found a faded altar of an unknown god.
  1173 | D:1      | Reached XP level 3. HP: 29/29 MP: 3/3
  1483 | D:1      | Reached skill level 5 in Long Blades
  2691 | D:3      | Reached XP level 4. HP: 31/35 MP: 4/4
  2804 | D:3      | Found a large runed translucent door.
  2805 | D:3      | Found a large runed translucent door.
  2834 | D:3      | Noticed Grinder
  3013 | D:3      | Reached skill level 1 in Translocations
  3092 | D:3      | HP: 1/35 [something/magic dart (4)]
  3145 | D:3      | HP: 1/35 [orc/+0 whip (1)]
  3256 | D:4      | Found a broken altar of Ashenzari.
  3257 | D:4      | Found a hazy altar of Hepliaklqana.
  3309 | D:4      | Reached skill level 6 in Long Blades
  3309 | D:4      | Reached XP level 5. HP: 11/41 MP: 5/5
  3557 | D:4      | Found a staircase to the Ecumenical Temple.
  3575 | Temple   | Entered the Ecumenical Temple
  3582 | Temple   | Became a worshipper of Makhleb the Destroyer
  3582 | Temple   | Reached * piety under Makhleb
  3582 | Temple   | Reached ** piety under Makhleb
  3833 | D:4      | Noticed Sigmund
  3910 | D:5      | Entered Level 5 of the Dungeon
  3929 | D:5      | Found Soji's Assorted Antiques.
  3930 | D:5      | Found Cocoemus's Armour Shop.
  3933 | D:5      | Found Wador's Assorted Antiques.
  4063 | D:5      | Identified the +4 spear "Iryroene" {elec, *Corrode rN+
                  | Dex+7 SInv}
  4069 | D:5      | Learned a level 2 spell: Blink
  4084 | D:5      | Reached skill level 1 in Invocations
  4087 | D:5      | Reached skill level 1 in Polearms
  4087 | D:5      | Reached XP level 6. HP: 42/47 MP: 5/7
  4442 | D:5      | Reached skill level 1 in Armour
  5061 | D:5      | Reached skill level 1 in Short Blades
  5061 | D:5      | Reached XP level 7. HP: 6/52 MP: 8/8
  5431 | D:5      | Reached skill level 7 in Long Blades
  5849 | D:5      | Found a basalt altar of Yredelemnul.
  5887 | D:5      | Reached skill level 5 in Fighting
  5908 | D:5      | Reached XP level 8. HP: 38/62 MP: 9/9
  6612 | D:6      | Reached *** piety under Makhleb
  6658 | D:6      | Got the Verses on Conflict and Accomplices
  6685 | D:6      | Identified the ring of Raphiap {Ice rPois Str+3}
  6733 | D:6      | Slain by an iguana

Illustrated notes

Levels and vault maps discovered:
D:1:      dpeg_arrival_snail, layout_basic, chequers_ecumenical_altar_island
D:2:      layout_loops_ring
D:3:      layout_loops_cross, jmf_multi_god_temple2, uniq_grinder
D:4:      layout_loops_ring, mainiacjoe_overflow_divided_tiny, tgw_fedhas,
          minmay_temple_entry_ruins, serial_bayou_ford_a, uniq_sigmund
D:5:      layout_gridville, lemuel_mausoleum_altar_yredelemnul,
          dk_noncrumbling_3, nicolae_wooded_promenade, kennysheep_potato
D:6:      layout_rooms, serial_bayou_pond_b
Temple:   nicolae_temple_no_exploring_needed

Skill      XL: |  1  2  3  4  5  6  7  8 |
---------------+-------------------------+-----
Long Blades    | 4 5 6 7 |  7.2
Translocations | 1 2 |  2.1
Invocations    | 1 2 |  2.0
Polearms       | 1 2 |  2.0
Fighting       | 4 5 |  5.9
Armour         | 1 3 4 |  4.0
Short Blades   | 1 |  1.1
Dodging        | |  4.0
Stealth        | |  2.1

Action                   |  1- 3 |  4- 6 |  7- 9 || total
-------------------------+-------+-------+-------++-------
Melee: Falchion          |    52 |       |       ||    52
       Short sword       |    56 |   173 |   243 ||   472
       Punch             |     1 |     1 |     2 ||     4
       Spear             |       |    34 |       ||    34
       Tailslap          |       |       |     8 ||     8
Invok: Minor Destruction |       |       |     3 ||     3
  Use: Potion            |       |     2 |       ||     2
       Scroll            |       |       |     7 ||     7
 Stab: Sleeping          |     6 |     3 |     2 ||    11
       Distracted        |       |     1 |       ||     1
Armor: Leather armour    |    14 |    34 |       ||    48
       Robe              |     1 |       |       ||     1
       Ring mail         |       |    10 |    47 ||    57
Dodge: Dodged            |    53 |    90 |    90 ||   233
